 Dungeon Crawl Stone Soup version 0.30-a0-709-gcdc1b43e22 (webtiles) character file.

Game seed: 3512923224813173012

421 Bnni the Vexing (level 7, -4/51 HPs)
             Began as a Formicid Hexslinger on Jan 22, 2023.
             Slain by a gnoll
             ... wielding a +0 whip
              (5 damage)
             ... on level 4 of the Dungeon.
             The game lasted 00:05:54 (3029 turns).

Bnni the Vexing (Formicid Hexslinger)               Turns: 3029, Time: 00:05:54

Health: -4/51      AC:  4    Str: 14    XL:     7   Next: 16%
Magic:  8/10       EV: 12    Int: 15    God:
Gold:   131        SH:  0    Dex: 14    Spells: 3/11 levels left

rFire   . . .      SeeInvis +    a - +1 sling
rCold   . . .      Faith    .    (no shield)
rNeg    . . .      Spirit   .    o - +2 robe {Will+}
rPois   .          Reflect  .    (helmet unavailable)
rElec   .          Harm     .    (no cloak)
rCorr   .          Rampage  .    (no gloves)
Will    +....                    (no boots)
Stlth   +                        (no amulet)
HPRegen 0.28/turn                (no ring)
MPRegen 0.12/turn                (no ring)

@: no status effects
A: permanent stasis, dig shafts and tunnels, antennae 3, four strong arms
a: Dig, Shaft Self


You were on level 4 of the Dungeon.
You visited 1 branch of the dungeon, and saw 4 of its levels.

You collected 131 gold pieces.

Inventory:

Hand Weapons
 a - a +1 sling (weapon)
Missiles
 f - 7 poisoned darts
Armour
 o - a +2 robe of willpower (worn)
Wands
 n - a wand of roots (11)
Scrolls
 b - a scroll of poison
 c - a scroll of fear {unknown}
 d - 2 scrolls of fog {unknown}
 e - 2 scrolls of noise {unknown}
 h - a scroll of vulnerability {unknown}
 j - 3 scrolls of immolation {unknown}
 l - a scroll of brand weapon
Potions
 g - a potion of haste
 i - 2 potions of mutation
 k - a potion of ambrosia
 m - a potion of attraction {unknown}


   Skills:
 + Level 2.7 Fighting
 * Level 4.0 Ranged Weapons
 - Level 1.7 Dodging
 + Level 2.5 Spellcasting
 * Level 5.5 Hexes
 - Level 3.0 Fire Magic


You had 3 spell levels left.
You knew the following spells:

 Your Spells              Type           Power      Damage    Failure   Level
a - Slow                  Hex            72%        N/A       2%          1
b - Inner Flame           Hex/Fire       14%        N/A       11%         3
d - Cause Fear            Hex            9%         N/A       22%         4

Your spell library contained the following spells:

 Spells                   Type           Power      Damage    Failure   Level
 Confusing Touch          Hex            18%        N/A       6%          3
 Portal Projectile        Hex/Tloc       20%        N/A       21%         3
 Summon Guardian Golem    Hex/Summ       10%        N/A       21%         3
 Apportation              Tloc           2%         N/A       22%         1
 Necrotise                Necr           4%         1d4       22%         1
 Summon Small Mammal      Summ           4%         N/A       22%         1
 Call Canine Familiar     Summ           1%         N/A       54%         3
 Hailstorm                Conj/Ice       1%         3d3       54%         3
 Vampiric Draining        Necr           1%         2d6       54%         3
 Ice Form                 Ice/Tmut       1%         N/A       91%         4
 Simulacrum               Ice/Necr       0%         N/A       100%        6


Dungeon Overview and Level Annotations

Branches:
Dungeon (4/15)
 Temple: D:4-7

Altars:


Innate Abilities, Weirdness & Mutations

You cannot be hasted, slowed, berserked, paralysed or teleported.
You can dig through walls and to a lower floor.
You have a pair of large antennae on your head. (SInv)
Your four strong arms can wield two-handed weapons with a shield.


Message History

Aim: a gnoll, wielding a +0 whip (severely wounded, 64% to hit)
You shoot a sling bullet.
The sling bullet hits the gnoll but does no damage.
The gnoll is severely wounded.
The gnoll hits you with a +0 club. The gnoll barely misses you.
Fire: a) +1 sling
Press: ? - help, Shift-Dir - straight line, f/p - gnoll
Aim: a gnoll, wielding a +0 whip (severely wounded, 64% to hit)
You shoot a sling bullet.
The sling bullet hits the gnoll but does no damage.
The gnoll is severely wounded.
The gnoll barely misses you. The gnoll hits you with a +0 club.
Fire: a) +1 sling
Press: ? - help, Shift-Dir - straight line, f/p - gnoll
Aim: a gnoll, wielding a +0 whip (severely wounded, 64% to hit)
You shoot a sling bullet. The sling bullet hits the gnoll.
The gnoll is almost dead.
The gnoll hits you with a +0 whip!
* * * LOW HITPOINT WARNING * * *
The gnoll hits you with a +0 club.
* * * LOW HITPOINT WARNING * * *
The gnoll closely misses you. The gnoll hits you but does no damage.
Fire: a) +1 sling
Press: ? - help, Shift-Dir - straight line, f/p - gnoll
Aim: a gnoll, wielding a +0 whip (almost dead, 64% to hit)
You shoot a sling bullet.
The sling bullet closely misses the gnoll.
The gnoll misses you. The gnoll hits you with a +0 whip.
* * * LOW HITPOINT WARNING * * *
Casting: Inner Flame (dangerous; 11% risk of failure)
Confirm with . or Enter, or press ? or * to list all spells.
Aiming: Slow (safe; 2% risk of failure)
Press: ? - help, Shift-Dir - straight line, f/p - gnoll
Aim: a gnoll, wielding a +0 whip (almost dead, chance to affect: 60%)
The gnoll resists with significant effort.
The gnoll closely misses you. The gnoll hits you with a +0 whip.
* * * LOW HITPOINT WARNING * * *
The gnoll attacks as you move away! The gnoll barely misses you.
The gnoll hits you with a +0 whip.
You die...

#..##..###### +.
#.....)...... #....
#............ #...
#...........( #...
#.........†.. #..
#............ ####+#..
##'##....###.
#.....)#######.†##....###.
#......g)@.......#.....#..
#......#g........+.....#..
#..$...#...##....#.....#..
...##+############# ##. ..
#. ... .... ####


You could see 2 gnolls.

Vanquished Creatures
  Grinder (D:3)
  An orc priest (D:3)
  Jessica (D:3)
  2 iguanas
  A gnoll (D:4)
  5 adders
  3 worms
  3 dart slugs
  6 orcs
  7 bats
  5 endoplasms
  2 giant cockroaches (D:4)
  8 goblins
  3 hobgoblins
  2 quokkas
  6 ball pythons
  2 frilled lizards
  6 kobolds
  6 rats
70 creatures vanquished.

Notes
Turn   | Place    | Note
-------+----------+-------------------------------------------
     0 | D:1      | Bnni the Formicid Hexslinger began the quest for the Orb.
     0 | D:1      | Reached XP level 1. HP: 15/15 MP: 2/2
   174 | D:1      | Reached XP level 2. HP: 21/21 MP: 3/3
   418 | D:1      | Reached skill level 4 in Hexes
   594 | D:1      | Reached skill level 1 in Fire Magic
   740 | D:2      | Reached XP level 3. HP: 26/26 MP: 4/4
   744 | D:2      | Learned a level 3 spell: Inner Flame
   957 | D:2      | HP: 1/26 [poisoned by an adder]
  1154 | D:2      | Found a faded altar of an unknown god.
  1331 | D:2      | Identified the +1 robe of Parlour Games {Drain Fly Will+++
                  | Int+4}
  1453 | D:2      | Reached XP level 4. HP: 25/33 MP: 6/6
  2068 | D:3      | Reached XP level 5. HP: 23/38 MP: 3/7
  2247 | D:3      | Noticed Grinder
  2257 | D:3      | Killed Grinder
  2258 | D:3      | Reached skill level 5 in Hexes
  2258 | D:3      | Reached XP level 6. HP: 43/46 MP: 4/9
  2554 | D:3      | Learned a level 4 spell: Cause Fear
  2625 | D:3      | Noticed Jessica
  2629 | D:3      | Killed Jessica
  2828 | D:4      | Reached XP level 7. HP: 51/51 MP: 10/10
  3028 | D:4      | HP: 1/51 [gnoll/+0 whip (4)]
  3029 | D:4      | Slain by a gnoll

Illustrated notes

Levels and vault maps discovered:
D:1:      dpeg_arrival_pond, layout_basic
D:2:      layout_basic, shapermc_ecumenical_altar_mp_highgroup
D:3:      layout_loops_ring, uniq_grinder, uniq_jessica
D:4:      layout_gridville, nicolae_dithmenos_shadow_blocks, marbit_many_paths,
          minmay_temple_entry_antechambers, ebering_ghost_sewer_d, uniq_sigmund,
          uniq_ijyb

Skill      XL: |  1  2  3  4  5  6  7 |
---------------+----------------------+-----
Hexes          | 4 5 |  5.5
Fire Magic     | 1 2 3 |  3.0
Fighting       | 2 |  2.7
Ranged Weapons | 3 4 |  4.0
Spellcasting   | 2 |  2.5
Dodging        | |  1.7

Action                     |  1- 3 |  4- 6 |  7- 9 || total
---------------------------+-------+-------+-------++-------
   Fire: Sling             |   100 |    97 |    55 ||   252
  Throw: Dart              |       |    10 |       ||    10
   Cast: Slow              |     3 |    10 |     2 ||    15
         Inner Flame       |       |     4 |     2 ||     6
    Use: Scroll            |       |     4 |       ||     4
 Armour: Robe              |     7 |     7 |     5 ||    19
  Dodge: Dodged            |    23 |    32 |    33 ||    88

Table legend: (Time is in decaauts)
 A = Elapsed time spent in this place.
 B = Non-inter-level travel time spent in this place.
 C = Inter-level travel time spent in this place.
 D = Time resting spent in this place.
 E = Time spent auto-exploring this place.
 F = Levels seen in this place.
 G = Mean time per level.
                   A        B        C        D        E       F      G
               +--------+--------+--------+--------+--------+-----+--------+
         Total |   3091 |   2999 |     92 |    180 |   2168 |   4 |  772.8 |
       Dungeon |   3091 |   2999 |     92 |    180 |   2168 |   4 |  772.8 |
               +--------+--------+--------+--------+--------+-----+--------+

Top non-repeatable levels by time:
     D:3: 1173 daAuts
     D:2: 955 daAuts
     D:1: 741 daAuts
     D:4: 220 daAuts
